 Dungeon Crawl Stone Soup version 0.29-a0-344-ge2f44be95a (webtiles) character file.

Game seed: 11589855783942370578

1613 spaghetti the Geomancer (level 8, 0/36 HPs)
             Began as a Vine Stalker Earth Elementalist on Apr 22, 2022.
             Was an Initiate of Yredelemnul.
             Slain by an orc
             ... wielding a +0 mace
              (5 damage)
             ... on level 6 of the Dungeon.
             The game lasted 00:09:35 (5467 turns).

spaghetti the Geomancer (VSEE)                      Turns: 5467, Time: 00:09:36

Health: 0/36       AC:  2    Str: 11    XL:     8   Next: 95%
Magic:  0/12       EV: 12    Int: 17    God:    Yredelemnul [......]
Gold:   205        SH:  0    Dex: 15    Spells: 5/11 levels left

rFire   . . .      SeeInvis .   G - +2 dagger (vamp) {short}
rCold   . . .      Faith    .   o - orb {*Rage}
rNeg    . . .      Spirit   +   b - +0 robe
rPois   .          Reflect  .   (no helmet)
rElec   .          Harm     .   (no cloak)
rCorr   .          Rampage  .   (no gloves)
Will    +....      Rage     20% (no boots)
Stlth   ++........              z - amulet of magic regeneration {@e2}
HPRegen 0.92/turn               (no ring)
MPRegen 0.53/turn               (no ring)

@: no status effects
A: fangs 3, regeneration 1, magic shield, antimagic bite, no potion heal 2
a: Renounce Religion, Recall Undead Harvest


You were on level 6 of the Dungeon.
You worshipped Yredelemnul.
Yredelemnul was noncommittal.
You visited 1 branch of the dungeon, and saw 6 of its levels.

You collected 205 gold pieces.


Innate Abilities, Weirdness & Mutations

You have razor-sharp teeth.
Your natural rate of healing is unusually fast.
When hurt, damage is shared between your health and your magic reserves.
Your bite disrupts and absorbs the magic of your enemies.
Potions cannot restore your health.


   Skills:
 - Level 1.5 Dodging
 - Level 2.4 Stealth
 - Level 2.1 Spellcasting
 - Level 1.0 Transmutations
 + Level 11.4 Earth Magic


You had 5 spell levels left.
You knew the following spells:

 Your Spells              Type           Power      Damage    Failure   Level
a - Sandblast             Erth           80%        2d17      1%          1
b - Stone Arrow           Conj/Erth      42%        3d9       5%          3
c - Passwall              Tmut/Erth      18%        N/A       2%          2

Your spell library contained the following spells:

 Spells                   Type           Power      Damage    Failure   Level
 Petrify                  Tmut/Erth      22%        N/A       14%         4
 Leda's Liquefaction      Hex/Erth       10%        N/A       19%         4
 Call Canine Familiar     Summ           1%         N/A       50%         3
 Portal Projectile        Hex/Tloc       2%         N/A       50%         3
 Tukima's Dance           Hex            1%         N/A       50%         3
 Passage of Golubria      Tloc           1%         N/A       88%         4
 Blade Hands              Tmut           2%         N/A       98%         5
 Yara's Violent Unravell  Hex/Tmut       1%         3d3       99%         5
 Eringya's Noxious Bog    Tmut/Pois      1%         N/A       100%        6
 Storm Form               Tmut/Air       1%         N/A       100%        7

Inventory:

Hand Weapons
 e - a +0 spear {polearm}
   (You found it on level 1 of the Dungeon)
 g - a +4 short sword {short}
   (You took it off a kobold on level 1 of the Dungeon)
 x - a +1 whip of venom {mace}
   (You took it off a kobold on level 4 of the Dungeon)
 G - a +2 vampiric dagger (weapon) {short}
   (You took it off an orc on level 5 of the Dungeon)
Missiles
 a - 97 stones (quivered) {throwing}
 n - 12 poisoned darts {throwing}
 B - 2 boomerangs {throwing}
Armour
 b - a +0 robe (worn)
 o - an orb of wrath (worn)
   (You found it on level 2 of the Dungeon)
 D - the +1 leather armour of Space {Int+4}
   (You found it on level 5 of the Dungeon)

   Int:       It affects your intelligence (+4).
Magical Staves
 i - a staff of fire {!astaff}
   (You found it on level 5 of the Dungeon)
 u - a staff of poison {!astaff}
   (You found it on level 3 of the Dungeon)
Jewellery
 z - an amulet of magic regeneration (around neck) {@e2}
   (You found it on level 4 of the Dungeon)
 A - a ring of ice
   (You found it on level 5 of the Dungeon)
 F - a ring of fire
   (You found it on level 5 of the Dungeon)
Wands
 s - a wand of charming (10)
   (You found it on level 3 of the Dungeon)
 y - a wand of digging (1)
   (You found it on level 4 of the Dungeon)
Scrolls
 k - 4 scrolls of teleportation {@r4}
 l - 3 scrolls of identify {@r1}
 w - a scroll of vulnerability {!r!r}
 C - a scroll of torment {!r}
 E - a scroll of summoning
 H - a scroll of fear {unknown}
Potions
 c - a potion of magic
 d - 2 potions of mutation {unknown}
 f - 6 potions of curing {@q1}
 h - a potion of invisibility {unknown}
 j - a potion of heal wounds {unknown}
 m - a potion of might {unknown}
 p - 3 potions of flight {unknown}
 q - a potion of ambrosia {unknown}
 r - 2 potions of attraction {unknown}
 t - a potion of resistance {unknown}
 v - a potion of degeneration {unknown}

Dungeon Overview and Level Annotations

Branches:
Dungeon (6/15)             Temple (0/1) D:5

Altars:
Ashenzari
Fedhas
Kikubaaqudgha
Nemelex Xobeh
Ru
Sif Muna
Yredelemnul

Shops:
D:6

( ##......# ........#
#.....### # #####......#
#8## #...##.....###8...8
. #...##....<###.....
... #...##.#....#>.....
.....#h)'#..##...##.....
......o@....#....##8...8
##....ooZ...#....# #8##
#.....$)...#....# #
#..........##...#
#........[.######
#./.######## ####


You could see a hound, an orc wizard (magic disrupted), 2 orcs and a friendly
orc zombie.


Message History

You lost 1 mp, and now have 11/12 mp.
You hit the gnoll.
You feel better.
Your bite misses the gnoll. The orc hits you with a +0 club.
The orc wizard falters for a moment.
The gnoll closely misses you. The hound barely misses you. 😕 HP[-2]
You take 2 damage, and now have 31/36 hp.
You hit the gnoll. Your bite misses the gnoll. The hound misses you.
The hound bites you.
An orc comes into view. It is wielding a +0 hand axe.
The orc wizard completely misses you. The orc barely misses you.
The gnoll closely misses you. 😕 HP[-2] MP[-1]
You take 2 damage, and now have 29/36 hp.
You lost 1 mp, and now have 10/12 mp.
You closely miss the hound. You bite the hound. You drain its power.
You feel invigorated. The hound bites you. The hound misses you.
The orc hits you with a +0 club.
The orc wizard hits you with a +0 dagger.
The gnoll barely misses you. The hound barely misses you.
The hound closely misses you. 😮 HP[-5] MP[-2]
You take 5 damage, and now have 24/36 hp.
You lost 2 mp, and now have 8/12 mp.
You hit the hound.
You feel better.
You bite the hound. You drain its power.
You feel invigorated. The hound misses you. The hound barely misses you.
The orc wizard closely misses you.
The gnoll hits you with a +0 club! 😮 HP[-3] MP[+2]
You take 3 damage, and now have 21/36 hp.
You regained 2 mp, and now have 10/12 mp.
You hit the hound.
You feel better.
You bite the hound, but do no damage.
The hound closely misses you. x2; The gnoll hits you with a +0 club.
The orc misses you.
The orc wizard falters for a moment.
The orc hits you but does no damage. The hound bites you.
* * * LOW HITPOINT WARNING * * *
The hound bites you.
* * * LOW HITPOINT WARNING * * *
😨 HP[-6] MP[-1]
You take 6 damage, and now have 15/36 hp.
You lost 1 mp, and now have 9/12 mp.
You hit the hound. Your bite misses the hound. The hound bites you.
* * * LOW HITPOINT WARNING * * *
The hound closely misses you. The orc wizard closely misses you.
The gnoll barely misses you. The orc misses you.
The orc barely misses you. 😨 MP[-1]
You lost 1 mp, and now have 8/12 mp.
You hit the hound.
You feel better.
You kill the hound!
The hound closely misses you. The orc barely misses you.
The orc closely misses you.
The orc wizard hits you with a +0 dagger.
* * * LOW HITPOINT WARNING * * *
The gnoll hits you with a +0 club.
* * * LOW HITPOINT WARNING * * *
The hound misses you. 😨 HP[-3] MP[-2]
You take 3 damage, and now have 12/36 hp.
You lost 2 mp, and now have 6/12 mp.
You barely miss the orc. You bite the orc.
You kill the orc!
A black mist starts to gather...
The hound barely misses you. The orc hits you with a +0 mace.
* * * LOW HITPOINT WARNING * * *
The gnoll closely misses you. 😨 HP[-2] MP[-1]
You take 2 damage, and now have 10/36 hp.
You lost 1 mp, and now have 5/12 mp.
You hit the gnoll. The hound closely misses you. The orc barely misses you.
The orc wizard hits you with a +0 dagger.
* * * LOW HITPOINT WARNING * * *
The gnoll hits you with a +0 club.
* * * LOW HITPOINT WARNING * * *
The hound closely misses you. 😱 HP[-1]
You take 1 damage, and now have 9/36 hp.
You hit the gnoll.
You feel better.
Your bite misses the gnoll. The hound barely misses you.
The orc closely misses you.
The orc wizard hits you with a +0 dagger.
* * * LOW HITPOINT WARNING * * *
The orc misses you.
The gnoll completely misses you. 😱 HP[-1] MP[-1]
You take 1 damage, and now have 8/36 hp.
You lost 1 mp, and now have 4/12 mp.
You hit the gnoll. You bite the gnoll. You drain its power.
You feel invigorated. The hound bites you.
* * * LOW HITPOINT WARNING * * *
The orc hits you but does no damage. The orc closely misses you.
The orc wizard falters for a moment.
The gnoll hits you with a +0 club.
* * * LOW HITPOINT WARNING * * *
The hound bites you.
* * * LOW HITPOINT WARNING * * *
😱 HP[-5] MP[-1]
You take 5 damage, and now have 3/36 hp.
You lost 1 mp, and now have 3/12 mp.
Okay, then.
Okay, then.
You hit the gnoll.
You feel better.
You kill the gnoll!
The hound misses you. The orc hits you with a +0 mace!
You die...
Your body rises from the dead as a mindless zombie.

Skill      XL: |  1  2  3  4  5  6  7  8 |
---------------+-------------------------+-----
Earth Magic    | 4 5 6 7 9 11 | 11.4
Dodging        | |  1.5
Stealth        | |  2.4
Spellcasting   | |  2.1
Transmutations | |  1.0

Action                   |  1- 3 |  4- 6 |  7- 9 || total
-------------------------+-------+-------+-------++-------
Melee: Spear             |    13 |       |       ||    13
       Short sword       |    26 |    76 |       ||   102
       Bite              |     9 |    18 |    21 ||    48
       Whip              |       |     5 |    68 ||    73
       Dagger            |       |       |    22 ||    22
Throw: Stone             |    48 |    88 |    24 ||   160
 Cast: Sandblast         |    13 |     2 |    19 ||    34
       Stone Arrow       |       |       |     4 ||     4
Evoke: Wand              |       |       |     2 ||     2
  Use: Scroll            |       |       |     4 ||     4
 Stab: Distracted        |     1 |       |       ||     1
       Sleeping          |     1 |       |       ||     1
Armor: Robe              |     6 |     4 |     9 ||    19
Dodge: Dodged            |    29 |    40 |    81 ||   150

Levels and vault maps discovered:
D:1:      dpeg_arrival_ternary, layout_loops_ring,
          ebering_ecumenical_altar_webs, serial_bayou_ford_a,
          hangedman_glass_teeth, supply_closet_lemuel
D:2:      layout_loops_ring, kennysheep_jessica_study
D:3:      layout_loops_corners, nemelex_dance_club_becter,
          nicolae_sif_muna_little_library, minmay_misc_feat_tiny, uniq_natasha
D:4:      layout_loops_ring, mainiacjoe_overflow_brackets, lemuel_doored_altar,
          hex_medium, uniq_edmund
D:5:      layout_loops_ring, lemuel_coloured_pillars_altar, fedhas_altar_1,
          minmay_temple_entry_fiery, st_stairs_10, uniq_prince_ribbit1,
          uniq_grinder
D:6:      layout_cave_pools, nicolae_overflow_hidden_temple, vehumet_statue,
          portal_sewer_entry_d, serial_gnoll_camp, gnoll_camp_mini_shop,
          gnoll_camp_mini_shop, gnoll_camp_mini_doghouse, gnoll_camp_medium_02,
          gnoll_camp_mini_basic

Notes
Turn   | Place    | Note
-------+----------+-------------------------------------------
     0 | D:1      | spaghetti the Vine Stalker Earth Elementalist began the
                  | quest for the Orb.
     0 | D:1      | Reached XP level 1. HP: 9/9 MP: 4/4
     0 | D:1      | magus.rc [v1.9.6]
   388 | D:1      | Reached XP level 2. HP: 12/13 MP: 4/6
   721 | D:1      | Found a faded altar of an unknown god.
   771 | D:1      | Prayed at the altar of an unknown god.
   771 | D:1      | Became a worshipper of Yredelemnul the Dark
   771 | D:1      | Reached * piety under Yredelemnul
  1082 | D:2      | Reached skill level 4 in Earth Magic
  1087 | D:2      | Reached XP level 3. HP: 12/16 MP: 5/7
  1091 | D:2      | Learned a level 3 spell: Stone Arrow
  1094 | D:2      | Learned a level 2 spell: Passwall
  1461 | D:2      | You fall into a shaft and drop 1 floor!
  1461 | D:3      | Noticed Natasha
  1463 | D:3      | Killed Natasha
  1659 | D:2      | Noticed Jessica
  1665 | D:2      | Gained mutation: Your natural rate of healing is unusually
                  | fast. [Vine Stalker growth]
  1665 | D:2      | Reached XP level 4. HP: 16/21 MP: 6/8
  1666 | D:2      | Killed Jessica
  1667 | D:2      | Reached skill level 5 in Earth Magic
  2046 | D:3      | Noticed Natasha
  2050 | D:3      | Killed Natasha
  2053 | D:3      | Reached XP level 5. HP: 24/24 MP: 6/9
  2122 | D:3      | Your ally Natasha died
  2217 | D:3      | Found a shimmering blue altar of Sif Muna.
  2451 | D:3      | Reached skill level 6 in Earth Magic
  2495 | D:3      | Noticed Natasha
  2511 | D:3      | Killed Natasha
  2638 | D:3      | Found a sparkling altar of Nemelex Xobeh.
  2640 | D:3      | Reached XP level 6. HP: 28/28 MP: 10/10
  2718 | D:3      | You add the spells Tukima's Dance, Passage of Golubria and
                  | Yara's Violent Unravelling to your library.
  3256 | D:4      | You add the spells Blade Hands, Eringya's Noxious Bog and
                  | Storm Form to your library.
  3256 | D:4      | Got the Grimoire of Transformation
  3500 | D:4      | Reached skill level 7 in Earth Magic
  3712 | D:4      | Found an ancient bone altar of Kikubaaqudgha.
  3720 | D:4      | Noticed Edmund
  3730 | D:4      | Killed Edmund
  3731 | D:4      | Reached XP level 7. HP: 19/32 MP: 4/11
  4070 | D:4      | Reached skill level 8 in Earth Magic
  4080 | D:4      | Found a broken altar of Ashenzari.
  4271 | D:5      | Entered Level 5 of the Dungeon
  4405 | D:5      | Noticed Grinder
  4407 | D:5      | Noticed Prince Ribbit
  4418 | D:5      | Killed Grinder
  4419 | D:5      | Reached skill level 9 in Earth Magic
  4419 | D:5      | HP: 9/48 [Prince Ribbit (14)]
  4424 | D:5      | HP: 2/48 [Prince Ribbit (11)]
  4425 | D:5      | Killed Prince Ribbit
  4426 | D:5      | Gained mutation: You have razor-sharp teeth. [Vine Stalker
                  | growth]
  4426 | D:5      | Reached XP level 8. HP: 3/36 MP: 2/12
  4519 | D:6      | Found Haecs's Weapon Emporium.
  4535 | D:5      | Reached skill level 10 in Earth Magic
  4736 | D:5      | Found a blossoming altar of Fedhas.
  4839 | D:5      | Identified the +1 leather armour of Space {Int+4}
  5071 | D:5      | Reached ** piety under Yredelemnul
  5105 | D:5      | You pick up a book of the Hunter and begin reading...
  5105 | D:5      | You add the spells Call Canine Familiar, Portal Projectile
                  | and Leda's Liquefaction to your library.
  5289 | D:5      | Found a sacrificial altar of Ru.
  5374 | D:5      | Found a staircase to the Ecumenical Temple.
  5379 | D:5      | Reached skill level 11 in Earth Magic
  5464 | D:6      | HP: 9/36 [gnoll/+0 club (1)]
  5466 | D:6      | HP: 3/36 [hound (3)]
  5467 | D:6      | Slain by an orc

Vanquished Creatures
  Grinder (D:5)
  Prince Ribbit (D:5)
  Edmund (D:4)
  A water moccasin (D:5)
  A sky beast (D:5)
  2 ogres
  A centaur (D:5)
  A necrophage (D:4)
  3 hounds
  2 jellies (D:4)
  2 orc priests
  2 iguanas (D:5)
  Jessica (D:2)
  Natasha (thrice) (D:3)
  3 orc wizards
  4 adders
  3 gnolls (D:6)
  An ufetubus (D:5)
  A worm (D:3)
  2 dart slugs
  17 orcs
  4 endoplasms
  A giant cockroach (D:1)
  4 goblins
  5 hobgoblins
  6 kobolds
  2 quokkas
  10 ball pythons
  5 bats
  2 frilled lizards (D:1)
  5 rats
97 creatures vanquished.

Vanquished Creatures (collateral kills)
  A dart slug (D:5)
  An orc (D:5)
  An endoplasm (D:4)
  2 ball pythons (D:2)
5 creatures vanquished.

Vanquished Creatures (others)
  An orc priest (D:5)
  An orc wizard (D:5)
  A felid zombie (D:3)
  An adder zombie (D:3)
  A hobgoblin zombie (D:4)
  10 orc zombies
  10 plants (D:1)
25 creatures vanquished.

Grand Total: 127 creatures vanquished

Table legend:
 A = Non-vault XP
 B = Vault XP
 C = Vault XP percentage of total XP
 D = Non-vault monster count
 E = Vault monster count
 F = Vault count percentage of total count
                 A         B        C        D         E       F
            +---------+---------+-------+---------+---------+-------
      Total |    1265 |    1054 |  45.5 |      88 |      16 |  15.4
            +---------+---------+-------+---------+---------+-------
        D:1 |      28 |       0 |   0.0 |      18 |       0 |   0.0
        D:2 |      24 |      39 |  61.9 |      16 |       2 |  11.1
        D:3 |     212 |      41 |  16.2 |      17 |       3 |  15.0
        D:4 |     202 |     169 |  45.6 |      11 |       1 |   8.3
        D:5 |     674 |     717 |  51.5 |      24 |       6 |  20.0
        D:6 |     125 |      88 |  41.3 |       2 |       4 |  66.7
            +---------+---------+-------+---------+---------+-------

Illustrated notes

Table legend:
 A = Kills in this place as a percentage of kills in entire the game.
 B = Kills by you in this place as a percentage of kills by you in the entire game.
 C = Kills by friends in this place as a percentage of kills by friends in the entire game.
 D = Other kills in this place as a percentage of other kills in the entire game.
 E = Experience gained in this place as a percentage of experience gained in the entire game.
 F = Experience gained in this place divided by the number of levels of this place that you have seen.
                   A       B       C       D       E      F
               +-------+-------+-------+-------+-------+----------------------
         Total | 100.0 | 100.0 | 100.0 | 100.0 | 100.0 | 386.5
       Dungeon | 100.0 | 100.0 | 100.0 | 100.0 | 100.0 | 386.5
               +-------+-------+-------+-------+-------+----------------------

Table legend: (Time is in decaauts)
 A = Elapsed time spent in this place.
 B = Non-inter-level travel time spent in this place.
 C = Inter-level travel time spent in this place.
 D = Time resting spent in this place.
 E = Time spent auto-exploring this place.
 F = Levels seen in this place.
 G = Mean time per level.
                   A        B        C        D        E       F      G
               +--------+--------+--------+--------+--------+-----+--------+
         Total |   5679 |   5495 |    184 |    632 |   4005 |   6 |  946.5 |
       Dungeon |   5679 |   5495 |    184 |    632 |   4005 |   6 |  946.5 |
               +--------+--------+--------+--------+--------+-----+--------+

Top non-repeatable levels by time:
     D:3: 1287 daAuts
     D:5: 1218 daAuts
     D:1: 1088 daAuts
     D:4: 1076 daAuts
     D:2: 973 daAuts
     D:6: 36 daAuts
